 Dungeon Crawl Stone Soup version 0.30-a0-777-ga9a30cbeda (webtiles) character file.

Game seed: 17111906042172386934

32 PLAYERX the Prestidigitator (level 3, -4/28 HPs)
             Began as a Gnoll Wanderer on Feb 13, 2023.
             Killed by divine providence
             ... invoked by an orc priest
              (11 damage)
             ... on level 2 of the Dungeon.
             The game lasted 00:06:50 (1043 turns).

PLAYERX the Prestidigitator (Gnoll Wanderer)        Turns: 1043, Time: 00:06:50

Health: -4/28      AC:  5    Str: 15    XL:     3   Next: 25%
Magic:  4/4        EV: 11    Int: 10    God:
Gold:   31         SH:  0    Dex: 10    Spells: 3/3 levels left

rFire   . . .      SeeInvis .    a - +0 spear
rCold   . . .      Faith    .    (no shield)
rNeg    . . .      Spirit   .    b - +0 ring mail
rPois   .          Reflect  .    (no helmet)
rElec   .          Harm     .    (no cloak)
rCorr   .          Rampage  .    (no gloves)
Will    .....                    (no boots)
Stlth   +                        (no amulet)
HPRegen 0.24/turn                (no ring)
MPRegen 0.09/turn                (no ring)

@: no status effects
A: fangs 1, strong nose, distributed training
a: no special abilities


You were on level 2 of the Dungeon.
You visited 1 branch of the dungeon, and saw 2 of its levels.

You collected 31 gold pieces.

Inventory:

Hand Weapons
 a - a +0 spear (weapon)
Missiles
 c - 13 poisoned darts (quivered)
Armour
 b - a +0 ring mail (worn)
Wands
 n - a wand of roots (3)
Scrolls
 g - 2 scrolls of noise {unknown}
 h - 3 scrolls of teleportation {unknown}
 j - a scroll of blinking {unknown}
 l - a scroll of immolation {unknown}
 o - a scroll of identify {unknown}
Potions
 d - a potion of curing {unknown}
 e - a potion of lignification
 f - a potion of invisibility {unknown}
 i - 2 potions of heal wounds {unknown}
 k - a potion of mutation {unknown}
 m - a potion of ambrosia {unknown}
 p - a potion of might {unknown}


   Skills:
 + Level 2.6 Fighting
 + Level 0.7 Short Blades
 + Level 0.7 Long Blades
 + Level 0.7 Axes
 + Level 0.7 Maces & Flails
 + Level 0.7 Polearms
 + Level 4.5 Staves
 + Level 0.7 Ranged Weapons
 + Level 4.5 Throwing
 + Level 0.7 Armour
 + Level 2.6 Dodging
 + Level 0.7 Stealth
 + Level 0.7 Shields
 + Level 0.7 Unarmed Combat
 + Level 0.7 Spellcasting
 + Level 0.5 Conjurations
 + Level 0.5 Hexes
 + Level 0.5 Summonings
 + Level 0.5 Necromancy
 + Level 0.5 Translocations
 + Level 0.5 Transmutations
 + Level 0.5 Fire Magic
 + Level 0.5 Ice Magic
 + Level 0.5 Air Magic
 + Level 0.5 Earth Magic
 + Level 0.5 Poison Magic
 + Level 0.9 Invocations
 + Level 8.5 Evocations


You had 3 spell levels left.
You didn't know any spells.
Your spell library was empty.

Dungeon Overview and Level Annotations

Branches:
Dungeon (2/15)

Altars:


Innate Abilities, Weirdness & Mutations

You have very sharp teeth.
Your uncanny sense of smell can sniff out nearby items.
Your experience applies equally to all skills.


Message History

An orc comes into view. It is wielding a +0 war axe.
You reach to attack!
You barely miss the worm. You barely miss the worm. Your bite misses the worm.
You hit the worm.
The worm is lightly wounded.
The worm barely misses you.
You hit the worm.
The worm is moderately wounded.
You hit the worm. Your bite misses the worm.
The worm is severely wounded.
The worm barely misses you.
You hit the worm.
The worm is severely wounded.
The orc hits you but does no damage. The worm bites you!
You hit the worm.
The worm is almost dead.
The orc hits you but does no damage.
You barely miss the worm.
The worm is almost dead.
The orc hits you but does no damage. The worm closely misses you.
You barely miss the worm.
The worm is almost dead.
The orc hits you with a +0 hand axe.
The orc priest casts a cantrip, but nothing happens.
The worm bites you.
You are too injured to fight recklessly!
You are too injured to fight recklessly!
You are too injured to fight recklessly!
You are too injured to fight recklessly!
You barely miss the worm. You bite the worm, but do no damage.
The worm is almost dead.
The orc hits you with a +0 hand axe.
You barely miss the worm.
The worm is almost dead.
The orc hits you but does no damage. The worm bites you but does no damage.
The orc hits you with a +0 hand axe.
* * * LOW HITPOINT WARNING * * *
The orc priest mumbles some strange prayers to Beogh against you.
Beogh smites you!
You die...

### #.. ..# #.# #.# #.#
#o# #.# #{# #.# # #o# #
#.# #.#w#.#
#######.####.#.#@#.#
.......>.....#.o...#
#######..#######.######
....#...<...............
..#.##..####.###.####.##
)..........#.# #.#
...###..##.#.# #.#
.........#.#.# #.#
#........#.#.# #.#


You could see a worm, an orc priest and 2 orcs.

Vanquished Creatures
  2 dart slugs (D:1)
  4 endoplasms (D:1)
  A giant cockroach (D:1)
  2 goblins (D:1)
  2 hobgoblins
  2 kobolds
  3 quokkas
  2 ball pythons (D:1)
  A bat (D:1)
  2 frilled lizards (D:1)
  3 rats (D:1)
  A spectral kobold (D:1)
25 creatures vanquished.

Vanquished Creatures (others)
  A plant (D:1)
1 creature vanquished.

Grand Total: 26 creatures vanquished

Notes
Turn   | Place    | Note
-------+----------+-------------------------------------------
     0 | D:1      | PLAYERX the Gnoll Wanderer began the quest for the Orb.
     0 | D:1      | PLAYERX set off with the following items: a +0
                  | quarterstaff, a wand of roots (3), 11 poisoned darts, a +0
                  | dagger, a potion of lignification, a +0 leather armour.
     0 | D:1      | Reached XP level 1. HP: 17/17 MP: 1/1
   155 | D:1      | Found a faded altar of an unknown god.
   160 | D:1      | Reached XP level 2. HP: 23/23 MP: 2/2
   534 | D:1      | Reached XP level 3. HP: 28/28 MP: 3/3
  1043 | D:2      | Killed from afar by an orc priest

Illustrated notes

Levels and vault maps discovered:
D:1:      wander_arrival_fairy_ring, layout_basic,
          dreamdust_ecumenical_altar_drowned_temple, st_stairs_6,
          serial_bayou_ford_a
D:2:      minmay_general_purpose_star, layout_basic, roderic_serpentine_path

Action                     || total
---------------------------++-------
  Melee: Quarterstaff      ||    59
         Bite              ||     6
         Spear             ||    40
 Armour: Leather armour    ||    16
         Ring mail         ||    14
  Dodge: Dodged            ||    49

Table legend: (Time is in decaauts)
 A = Elapsed time spent in this place.
 B = Non-inter-level travel time spent in this place.
 C = Inter-level travel time spent in this place.
 D = Time resting spent in this place.
 E = Time spent auto-exploring this place.
 F = Levels seen in this place.
 G = Mean time per level.
                   A        B        C        D        E       F      G
               +--------+--------+--------+--------+--------+-----+--------+
         Total |   1077 |   1077 |      0 |     37 |    676 |   2 |  538.5 |
       Dungeon |   1077 |   1077 |      0 |     37 |    676 |   2 |  538.5 |
               +--------+--------+--------+--------+--------+-----+--------+

Top non-repeatable levels by time:
     D:1: 897 daAuts
     D:2: 179 daAuts
